 Dungeon Crawl Stone Soup version 0.27.0-66-gdc8fb28755 (webtiles) character file.

Game seed: 4086840197406524263

1634 hawla the Thaumaturge (level 8, -5/44 HPs)
             Began as a Deep Elf Necromancer on Aug 19, 2021.
             Slain by a shadow (15 damage)
             ... on level 6 of the Dungeon.
             The game lasted 00:22:36 (8592 turns).

hawla the Thaumaturge (Deep Elf Necromancer)        Turns: 8592, Time: 00:22:37

Health: -5/44      AC:  6    Str:  5    XL:     8   Next: 66%
Magic:  23/23      EV: 13    Int: 23    God:
Gold:   279        SH:  4    Dex: 15    Spells: 8/25 levels left

rFire    . . .     SeeInvis .   a - staff of death
rCold    . . .     Faith    .   m - +0 buckler
rNeg     + . .     Spirit   .   p - +1 robe
rPois    .         Reflect  .   (no helmet)
rElec    .         Harm     .   c - +0 cloak
rCorr    .         Rampage  .   (no gloves)
Will     .....                  g - +1 pair of boots
Stlth    +.........             (no amulet)
HPRegen  0.14/turn              (no ring)
MPRegen  0.18/turn              (no ring)

@: silenced, flying
A: no striking features
a: no special abilities


You were on level 6 of the Dungeon.
You visited 1 branch of the dungeon, and saw 6 of its levels.

You collected 279 gold pieces.

Inventory:

Missiles
 h - 8 boomerangs (quivered)
Armour
 c - a +0 cloak (worn)
 g - a +1 pair of boots (worn)
 m - a +0 buckler (worn)
 p - a +1 robe (worn)
Magical Staves
 a - a staff of death (weapon)
Scrolls
 e - a scroll of identify
 k - a scroll of teleportation
Potions
 d - a potion of cancellation
 i - 2 potions of mutation {unknown}
 l - a potion of attraction
 o - a potion of might {unknown}


   Skills:
 + Level 2.3 Fighting
 + Level 0.6 Throwing
 + Level 4.9 Dodging
 + Level 3.5 Stealth
 + Level 0.7 Shields
 + Level 9.3 Spellcasting
 + Level 8.4 Necromancy
 + Level 2.6 Translocations
 + Level 2.0 Earth Magic


You had 8 spell levels left.
You knew the following spells:

 Your Spells              Type           Power      Damage    Failure   Level
a - Pain                  Necr           100%       1d9       1%          1
b - Vampiric Draining     Necr           32%        2d10      1%          3
c - Animate Dead          Necr           32%        N/A       2%          4
d - Agony                 Necr           65%        N/A       8%          5
e - Sublimation of Blood  Necr           32%        N/A       1%          2
f - Blink                 Tloc           N/A        N/A       4%          2

Your spell library contained the following spells:

 Spells                   Type           Power      Damage    Failure   Level
 Animate Skeleton         Necr           100%       N/A       1%          1
 Apportation              Tloc           44%        N/A       3%          1
 Lesser Beckoning         Tloc           11%        N/A       10%         3
 Slow                     Hex            10%        N/A       14%         2
 Wereblood                Tmut           10%        N/A       14%         2
 Confusing Touch          Hex            10%        N/A       26%         3
 Manifold Assault         Tloc           22%        N/A       65%         5
 Alistair's Intoxication  Tmut/Pois      6%         N/A       94%         5
 Fireball                 Conj/Fire      5%         3d5       94%         5
 Yara's Violent Unravell  Hex/Tmut       5%         3d4       94%         5
 Invisibility             Hex            5%         N/A       100%        6
 Starburst                Conj/Fire      5%         6d4       100%        6
 Summon Hydra             Summ           5%         N/A       100%        7
 Ignition                 Fire           5%         3d4       100%        8


Dungeon Overview and Level Annotations

Branches:
Dungeon (6/15)
 Temple: D:4-7

Altars:
Gozag


Message History

Press: ? - help, Shift-Dir - straight line, f - electric eel, p - electric eel
Aim: an electric eel (wandering, hasn't noticed you, chance to affect: 89%)
You feel a surge of power!
The electric eel writhes in agony!
The electric eel shoots out a bolt of lightning at you!
The bolt of electricity misses the electric eel.
The bolt of electricity hits you!
The electric eel shoots out a bolt of lightning at you!
The bolt of electricity hits the plant!
The plant begins to die.
The bolt of electricity hits you!
* * * LOW HITPOINT WARNING * * *
You start resting.
Magic restored.
You start resting.
A shadow is nearby!
As you read the scroll labelled BESSOAPLEE, it crumbles to dust.
A profound silence engulfs you.
It was a scroll of silence.
The shadow slips into darkness.
The shadow flickers and vanishes!
Deactivating autopickup; reactivate with Ctrl-A.
You hit something but do no damage.
The shadow strikes at you from the darkness!
Reactivating autopickup.
The shadow hits you.
You feel better.
The shadow slips into darkness.
The shadow flickers and vanishes!
Deactivating autopickup; reactivate with Ctrl-A.
It was a potion of flight.
You feel very buoyant.
You fly up into the air.
The shadow strikes at you from the darkness!
* * * LOW HITPOINT WARNING * * *
Reactivating autopickup.
The shadow slips into darkness.
The shadow flickers and vanishes!
Deactivating autopickup; reactivate with Ctrl-A.
Things that are here:
a +0 spear; a +0 ring mail; a +0 buckler The shadow strikes at you from the darkness!
You die...

#..###.....######....#...
#..........# #......).... ###
###.........####...####.#..
#.###.##..............## ####..
##..#...#..##....##...## ##.....
##..........##..#####.## ##......
.#....##.......##.########.......
.....###..#....#){#..P[$;##'#....
###...##.##....#@#'...≈.≈≈#.#.##.
#............#.#....≈)≈≈#.###..
###....<.....###≈#...≈≈$≈≈#.###..
.##........####≈≈##....;≈##≈#....
..#8......#####.##########≈##....
..#.........##..# .P..≈##≈###....
..#8.8.......#.#+ ..P.;;#≈#......
..#......#####.# ..P≈$≈#.#......
............##≈# .PP≈≈≈#.# #...


There were no monsters in sight!

Vanquished Creatures
  A troll (D:6)
  A water moccasin (D:5)
  3 ice beasts
  A phantom (D:5)
  A centaur (D:6)
  Blork the orc (D:4)
  A gnoll sergeant (D:6)
  2 scorpions (D:6)
  A water moccasin zombie (D:3)
  A bullfrog zombie (D:5)
  A bullfrog skeleton (D:6)
  5 hounds
  An orc priest (D:5)
  2 orc wizards
  Terence (D:2)
  An iguana (D:4)
  A scorpion zombie (D:5)
  A hound skeleton (D:4)
  A gnoll (D:1)
  8 adders
  A shadow imp (D:5)
  A worm (D:4)
  14 orcs
  A bat (D:1)
  3 endoplasms
  3 giant cockroaches
  6 goblins
  8 hobgoblins
  7 jackals
  2 quokkas
  6 ball pythons
  2 frilled lizards
  3 kobolds (D:1)
  5 rats
97 creatures vanquished.

Vanquished Creatures (collateral kills)
  A bullfrog zombie (D:6)
1 creature vanquished.

Vanquished Creatures (others)
  2 plants (D:6)
2 creatures vanquished.

Grand Total: 100 creatures vanquished

Notes
Turn   | Place    | Note
-------+----------+-------------------------------------------
     0 | D:1      | hawla the Deep Elf Necromancer began the quest for the Orb.
     0 | D:1      | Reached XP level 1. HP: 10/10 MP: 6/6
   442 | D:1      | Reached skill level 5 in Necromancy
   442 | D:1      | Reached XP level 2. HP: 5/16 MP: 0/8
   737 | D:1      | Found a faded altar of an unknown god.
   954 | D:1      | Reached skill level 1 in Earth Magic
  1428 | D:2      | Reached XP level 3. HP: 15/20 MP: 5/10
  1432 | D:2      | Learned a level 3 spell: Vampiric Draining
  1432 | D:2      | Upgraded the game from 0.27.0-65-ge2af304b15 to
                  | 0.27.0-66-gdc8fb28755
  1434 | D:2      | Reached skill level 1 in Fighting
  1685 | D:2      | Reached skill level 4 in Spellcasting
  1920 | D:2      | Noticed Terence
  1979 | D:2      | Killed Terence
  1980 | D:2      | Reached XP level 4. HP: 25/25 MP: 3/12
  1985 | D:2      | Learned a level 4 spell: Animate Dead
  3698 | D:3      | Reached XP level 5. HP: 16/29 MP: 13/13
  4059 | D:4      | Noticed Blork the orc
  4143 | D:4      | Killed Blork the orc
  4144 | D:4      | Reached skill level 5 in Spellcasting
  4144 | D:4      | Reached XP level 6. HP: 31/35 MP: 2/15
  5240 | D:5      | Entered Level 5 of the Dungeon
  5380 | D:5      | Reached skill level 6 in Spellcasting
  5469 | D:5      | Noticed an ice beast
  5649 | D:4      | Learned a level 5 spell: Agony
  5652 | D:4      | Learned a level 2 spell: Sublimation of Blood
  5655 | D:4      | Learned a level 2 spell: Blink
  5788 | D:5      | Killed an ice beast
  5789 | D:5      | Reached XP level 7. HP: 24/40 MP: 7/18
  5975 | D:5      | Reached skill level 7 in Spellcasting
  5975 | D:5      | Reached skill level 1 in Translocations
  7062 | D:6      | Reached skill level 8 in Spellcasting
  7114 | D:6      | Reached XP level 8. HP: 38/44 MP: 13/22
  7359 | D:6      | Found an opulent altar of Gozag.
  7557 | D:6      | Noticed a troll
  7577 | D:6      | Killed a troll
  7578 | D:6      | Reached skill level 9 in Spellcasting
  8592 | D:6      | Slain by a shadow

Illustrated notes

Levels and vault maps discovered:
D:1:      eino_arrival_water_cross, layout_loops_ring, basic_ecumenical_altar
D:2:      layout_loops_corners, uniq_terence
D:3:      layout_basic
D:4:      minmay_wonky_spiral, layout_rooms, kennysheep_nondescript,
          hangedman_abyss_or_decor_slice, uniq_blork_the_orc
D:5:      layout_basic, minmay_misc_feat_room, nicolae_zen_rock_garden
D:6:      cheibrodos_two_vegetables, layout_cave_pools,
          nicolae_gozag_cash_rules_everything_around_me, serial_column_ruins,
          column_ruins_hut_pillars, column_ruins_columns_dead_end,
          column_ruins_grid_3, column_ruins_columns_dead_end,
          column_ruins_columns_straight, column_ruins_corridor_dead_end,
          column_ruins_grid_1, lightli_corner_chamber

Skill      XL: |  1  2  3  4  5  6  7  8 |
---------------+-------------------------+-----
Necromancy     | 5 6 7 8 |  8.4
Earth Magic    | 1 2 |  2.0
Dodging        | 3 4 |  4.9
Fighting       | 1 2 |  2.3
Spellcasting   | 4 5 6 8 9 |  9.3
Stealth        | 3 |  3.5
Translocations | 1 2 |  2.6
Throwing       | |  0.6
Shields        | |  0.7

Action                   |  1- 3 |  4- 6 |  7- 9 || total
-------------------------+-------+-------+-------++-------
Melee: Dagger            |       |   116 |    83 ||   199
       Staff             |       |       |     4 ||     4
Throw: Boomerang         |       |     5 |     5 ||    10
 Cast: Pain              |    42 |    64 |    29 ||   135
       Vampiric Draining |     2 |    12 |    32 ||    46
       Animate Dead      |       |    17 |     7 ||    24
       Blink             |       |     8 |    10 ||    18
       Sublimation of Bl |       |       |     2 ||     2
  Use: Scroll            |     3 |     4 |     2 ||     9
       Potion            |       |     4 |     4 ||     8
 Stab: Sleeping          |       |     1 |     2 ||     3
Armor: Robe              |       |    70 |    45 ||   115
Dodge: Dodged            |     1 |    74 |    75 ||   150
Block: Buckler           |       |     3 |    18 ||    21
